 Dungeon Crawl Stone Soup version 0.22-a0-433-gd2a9cce (webtiles) character file.

1860 mortelune the Transmogrifier (level 8, -22/59 HPs)
             Began as a Purple Draconian Transmuter on May 27, 2018.
             Was a Follower of Cheibriados.
             Annihilated by azzavlup's ghost (28 damage)
             ... on level 7 of the Dungeon.
             The game lasted 00:25:43 (8058 turns).

mortelune the Transmogrifier (DrTm)                 Turns: 8058, Time: 00:25:44

Health: -22/59     AC:  9    Str: 14    XL:     8   Next: 89%
Magic:  14/18      EV: 12    Int: 18    God:    Cheibriados [*.....]
Gold:   285        SH:  0    Dex: 14    Spells: 3/20 levels left

rFire    . . .     SeeInvis .     - Unarmed
rCold    . . .     Gourm    .   (shield currently unavailable)
rNeg     . . .     Faith    .   (armour unavailable)
rPois    .         Spirit   .   E - +2 hat
rElec    .         Reflect  .   (no cloak)
rCorr    .         Harm     .   (gloves currently unavailable)
MR       +....                  p - +0 pair of boots
Stlth    +.........             (no amulet)
HPRegen  0.19/turn              n - +3 ring of slaying
MPRegen  0.16/turn              A - ring of flight

@: blade hands, very slow
A: breathe power, unfitting armour, cold-blooded, AC +6
a: Breathe Dispelling Energy, End Transformation, Bend Time, Renounce Religion,
Evoke Flight


You were on level 7 of the Dungeon.
You worshipped Cheibriados.
Cheibriados was aware of your devotion.
You were not hungry.
You had blades for hands.
You visited 2 branches of the dungeon, and saw 8 of its levels.

You collected 285 gold pieces.

Inventory:

Hand Weapons
 a - a +0 hunting sling
 v - the cursed +1 mace "Heores" {protect, +Inv rElec Dex+2, unknown}
   (You found it on level 5 of the Dungeon)

   It protects the one who uses it against injury (+AC on strike).
   It affects your dexterity (+2).
   It insulates you from electricity.
   It lets you turn invisible.
   It has a curse placed upon it.
 B - the +9 arbalest of Crystal {penet, Str+6 Stlth+, unknown}
   (You found it on level 7 of the Dungeon)

   Ammo fired by it will pass through the targets it hits, potentially hitting
   all targets in its path until it reaches maximum range.
   It affects your strength (+6).
   It makes you more stealthy.
Missiles
 c - 17 arrows
 f - 18 sling bullets
 h - 94 stones (quivered)
Armour
 p - a +0 pair of boots (worn)
 E - a +2 hat (worn)
 G - a +0 pair of gloves (melded)
Jewellery
 n - a +3 ring of slaying (left scythe-like blade)
 A - a ring of flight (right scythe-like blade)
Wands
 t - a wand of digging (11)
Scrolls
 b - 8 scrolls of remove curse
 g - 3 scrolls of teleportation
 i - a scroll of amnesia
 q - a scroll of random uselessness
 s - 3 scrolls of fear
 u - a scroll of enchant armour {unknown}
 y - a scroll of immolation {unknown}
 z - a scroll of enchant weapon {unknown}
 C - a scroll of magic mapping {unknown}
 D - a scroll of fog {unknown}
 F - a scroll of noise {unknown}
Potions
 d - 3 potions of mutation
 e - 2 potions of flight
 j - a potion of haste
 k - 3 potions of degeneration
 o - a potion of brilliance
 r - a potion of lignification
 w - a potion of agility
Comestibles
 l - 4 rations


   Skills:
 - Level 1.1 Fighting
 - Level 1.7 Dodging
 + Level 6.5 Unarmed Combat
 + Level 6.7 Spellcasting
 * Level 8.4 Transmutations


You had 3 spell levels left.
You knew the following spells:

 Your Spells              Type           Power        Failure   Level  Hunger
a - Beastly Appendage     Tmut           #####.       11%         1    None
b - Sticks to Snakes      Tmut           #####...     12%         2    None
c - Spider Form           Tmut/Pois      ###.......   36%         3    ##.....
d - Ice Form              Ice/Tmut       ###.....     61%         4    ####...
e - Blade Hands           Tmut           #####.....   45%         5    #####..
f - Blink                 Tloc           N/A          58%         2    None

Your spell library contained the following spells:

 Spells                   Type           Power        Failure   Level  Hunger
 Magic Dart               Conj           #...         47%         1    None
 Fireball                 Conj/Fire      #.........   100%        5    #####..
 Conjure Flame            Conj/Fire      #.......     75%         3    ##.....
 Slow                     Hex            #.......     58%         2    None
 Confuse                  Hex            #.......     75%         3    ##.....
 Throw Flame              Conj/Fire      #.....       58%         2    None
 Mephitic Cloud           Conj/Pois/Air  #.......     75%         3    ##.....
 Sticky Flame             Conj/Fire      #.......     96%         4    ####...
 Call Imp                 Summ           #.......     58%         2    None
 Tukima's Dance           Hex            #.......     75%         3    ##.....
 Flame Tongue             Conj/Fire      #....        47%         1    None
 Ensorcelled Hibernation  Hex/Ice        #.....       58%         2    None
 Corona                   Hex            #......      47%         1    None
 Inner Flame              Hex/Fire       #.......     75%         3    ##.....
 Dazzling Spray           Conj/Hex       #.....       75%         3    ##.....


Dungeon Overview and Level Annotations

Branches:
Dungeon (7/15)             Temple (1/1) D:5

Altars:
Ashenzari
Cheibriados
Dithmenos
Elyvilon
Fedhas
Gozag
Hepliaklqana
Nemelex Xobeh
Okawaru
Qazlal
Sif Muna
Trog
Uskayaw
Vehumet
Wu Jian
Xom
Yredelemnul

Annotations:
D:3 azzavlup's ghost, amateur DsAK
D:7 Dowan; azzavlup's ghost, novice DsAK


Innate Abilities, Weirdness & Mutations

You can breathe bolts of dispelling energy.
Your rich purple scales are hard. (AC +6)
You cannot fit into any form of body armour.
You are cold-blooded and may be slowed by cold attacks.


Message History

Your hands turn into razor-sharp scythe blades.
Your +0 pair of gloves melds into your body.
Azzavlup's ghost hits you!
You slice azzavlup's ghost!!
Azzavlup's ghost is moderately damaged.
Azzavlup's ghost hits you!
You hit azzavlup's ghost.
You tail-slap azzavlup's ghost, but do no damage.
Azzavlup's ghost is heavily damaged.
Azzavlup's ghost hits you!!
* * * LOW HITPOINT WARNING * * *
You slice azzavlup's ghost!!
Azzavlup's ghost is severely damaged.
Azzavlup's ghost hits you!
* * * LOW HITPOINT WARNING * * *
Okay, then.
Okay, then.
You feel better. Azzavlup's ghost closely misses you.
You fail to use your ability.
Azzavlup's ghost hits you!!
You die...

##.# ..## #### .## ###
##..# ### .##
##.###...### #.# #.##
##..#.......# ##.#
##.###..#........## #.<#
##...#####.......# ##..#
#..## #.......####...#
#.## ###....W@..##....#
#.#####....#####.......#
##. ###..........##
###.....#####..#
#.......####..#
#..........# ..#..####
#..## ##....###..##
.#...# ##..###....##
##.## #.....#
##.........## #..###
...##..# ##......###..#
##...# ..##
#.###......## #..#
#.[#..


You could see azzavlup's ghost.

Vanquished Creatures
  A wyvern (D:7)
  Duvessa (D:7)
  An orc warrior (D:7)
  An ice beast (D:7)
  2 phantoms
  A centaur (D:7)
  4 ogres
  Blork the orc (D:6)
  A scorpion (D:5)
  A howler monkey (D:7)
  The ghost of Leszczynek the Charmwright, a weakling DESk (D:4)
  2 crimson imps
  A bullfrog zombie (D:5)
  A centaur skeleton (D:7)
  2 hounds
  2 orc priests
  2 orc wizards
  Ijyb (D:3)
  3 worker ants
  4 gnolls
  6 adders
  A shadow imp (D:7)
  2 oozes
  An adder skeleton (D:7)
  4 worms
  A dart slug (D:2)
  A leopard gecko (D:6)
  6 orcs
  3 ball pythons
  7 bats
  3 giant cockroaches
  4 goblins
  4 hobgoblins
  6 jackals
  4 quokkas
  4 frilled lizards
  9 kobolds
  A leopard gecko skeleton (D:4)
  A quokka skeleton (D:5)
  6 rats
107 creatures vanquished.

Vanquished Creatures (collateral kills)
  A centaur (D:2)
  An orc (D:4)
2 creatures vanquished.

Grand Total: 109 creatures vanquished

Notes
Turn   | Place    | Note
-------+----------+-------------------------------------------
     0 | D:1      | mortelune the Draconian Transmuter began the quest for the Orb.
     0 | D:1      | Reached XP level 1. HP: 16/16 MP: 3/3
   360 | D:1      | Reached XP level 2. HP: 18/23 MP: 5/5
   374 | D:1      | Learned a level 2 spell: Sticks to Snakes
  1550 | D:2      | Reached XP level 3. HP: 24/28 MP: 4/6
  1656 | D:2      | Learned a level 3 spell: Spider Form
  1783 | D:2      | Reached skill level 3 in Transmutations
  2171 | D:2      | Found a shimmering altar of Xom.
  2172 | D:2      | Found a shimmering altar of Xom.
  2173 | D:2      | Found a shimmering altar of Xom.
  2174 | D:2      | Found a shimmering altar of Xom.
  2175 | D:2      | Found a shimmering altar of Xom.
  2200 | D:2      | Found a shimmering altar of Xom.
  2200 | D:2      | Found a shimmering altar of Xom.
  2200 | D:2      | Found a shimmering altar of Xom.
  2474 | D:2      | Noticed a centaur
  2486 | D:2      | Killed a centaur
  2486 | D:2      | Reached XP level 4. HP: 20/35 MP: 3/8
  3003 | D:3      | Reached skill level 4 in Transmutations
  3003 | D:3      | Reached XP level 5. HP: 40/40 MP: 5/9
  3115 | D:3      | Noticed Ijyb
  3123 | D:3      | Killed Ijyb
  3272 | D:3      | Noticed azzavlup's ghost (amateur DsAK)
  3711 | D:3      | Learned a level 4 spell: Ice Form
  3849 | D:4      | Noticed Leszczynek's ghost (weakling DESk)
  4038 | D:4      | Reached XP level 6. HP: 35/47 MP: 5/11
  4770 | D:3      | Reached skill level 5 in Transmutations
  4811 | D:4      | Killed Leszczynek's ghost
  5273 | D:4      | Your scales start taking on a rich purple colour.
  5273 | D:4      | Reached XP level 7. HP: 42/52 MP: 6/14
  5492 | D:4      | Found a hazy altar of Hepliaklqana.
  5629 | D:4      | Found a blossoming altar of Fedhas.
  5631 | D:4      | Found a hide-covered altar of Uskayaw.
  5631 | D:4      | Found a white marble altar of Elyvilon.
  5634 | D:4      | Found a shimmering altar of Xom.
  5634 | D:4      | Found an opulent altar of Gozag.
  5635 | D:4      | Found a shadowy altar of Dithmenos.
  5637 | D:4      | Found a deep blue altar of Sif Muna.
  5860 | D:5      | Entered Level 5 of the Dungeon
  5960 | D:5      | Reached skill level 5 in Unarmed Combat
  5960 | D:5      | Reached skill level 5 in Spellcasting
  5960 | D:5      | Reached skill level 6 in Transmutations
  6387 | D:5      | Found a staircase to the Ecumenical Temple.
  6395 | Temple   | Entered the Ecumenical Temple
  6412 | Temple   | Became a worshipper of Cheibriados the Contemplative
  6539 | D:5      | Got a jewelled mace
  6866 | D:6      | Found a sparkling altar of Nemelex Xobeh.
  6960 | D:6      | Noticed Blork the orc
  6972 | D:6      | Killed Blork the orc
  7199 | D:6      | Reached XP level 8. HP: 59/59 MP: 12/16
  7270 | D:7      | Learned a level 5 spell: Blade Hands
  7296 | D:7      | Learned a level 2 spell: Blink
  7310 | D:7      | Reached skill level 7 in Transmutations
  7779 | D:7      | Got an iridescent arbalest
  7843 | D:7      | Reached skill level 8 in Transmutations
  7848 | D:7      | Reached * piety under Cheibriados
  7878 | D:7      | Noticed Duvessa
  7900 | D:7      | Killed Duvessa
  7909 | D:7      | Noticed Dowan
  8038 | D:7      | Noticed azzavlup's ghost (novice DsAK)
  8055 | D:7      | HP: 1/59 [azzavlup's ghost (13)]
  8058 | D:7      | Annihilated by azzavlup's ghost

Vault maps used:
D:1:      dpeg_arrival_three_same_balls, st_stairs_3
D:2:      minmay_fountain_box, xom_redecorated
D:3:      minivault_23, minmay_misc_feat_room, uniq_ijyb
D:4:      lemuel_doored_altar, grunt_temple_overflow_open, first_ration
D:5:      minmay_temple_entry_nine_rooms
D:6:      nemelex_xobeh_ov_fountains_minmay, uniq_blork_the_orc
D:7:      uniq_duvessa
Temple:   eino_narrow_crystal_temple

Skill      XL: |  1  2  3  4  5  6  7  8 |
---------------+-------------------------+-----
Transmutations | 3 4 5 6 8 |  8.4
Spellcasting   | 3 4 5 6 |  6.7
Unarmed Combat | 4 5 6 |  6.5
Fighting       | |  1.1
Dodging        | |  1.7

Action                   |  1- 3 |  4- 6 |  7- 9 || total
-------------------------+-------+-------+-------++-------
Melee: Unarmed           |   114 |   119 |   154 ||   387
       Tailslap          |     8 |     7 |    19 ||    34
       Kick              |     6 |       |       ||     6
       Headbutt          |     1 |    11 |     6 ||    18
 Fire: Hunting sling     |     4 |    10 |    17 ||    31
Throw: Stone             |     5 |       |     7 ||    12
 Cast: Beastly Appendage |    13 |    13 |    11 ||    37
       Sticks to Snakes  |     2 |    10 |     1 ||    13
       Spider Form       |       |     8 |     5 ||    13
       Blade Hands       |       |       |     7 ||     7
  Use: Potion            |     1 |     4 |     2 ||     7
       Scroll            |       |    11 |     6 ||    17
 Stab: Sleeping          |     1 |       |       ||     1
       Distracted        |       |       |     2 ||     2
  Eat: Chunk             |     2 |     6 |    10 ||    18
       Ration            |     1 |     1 |     1 ||     3
Armor: Skin              |    63 |    60 |    43 ||   166
Dodge: Dodged            |    93 |   124 |    97 ||   314

Table legend:
 A = Spawn XP
 B = Non-spawn XP
 C = Spawn XP percentage of total XP
 D = Spawn monster count
 E = Non-spawn monster count
 F = Spawn count percentage of total count
 G = Total turns spent on level
                    A         B        C        D         E        F      G
               +---------+---------+-------+---------+---------+-------+---------
         Total |       0 |    2658 |   0.0 |       0 |     109 |   0.0 |  8058
               +---------+---------+-------+---------+---------+-------+---------
           D:1 |       0 |      30 |   0.0 |       0 |      21 |   0.0 |  1280
           D:2 |       0 |     148 |   0.0 |       0 |      19 |   0.0 |  2418
           D:3 |       0 |     260 |   0.0 |       0 |      17 |   0.0 |  1218
           D:4 |       0 |     455 |   0.0 |       0 |      18 |   0.0 |   944
           D:5 |       0 |     426 |   0.0 |       0 |      10 |   0.0 |   694
           D:6 |       0 |     115 |   0.0 |       0 |       6 |   0.0 |   680
           D:7 |       0 |    1224 |   0.0 |       0 |      18 |   0.0 |   798
               +---------+---------+-------+---------+---------+-------+---------
